 Dungeon Crawl Stone Soup version 0.31-a0-188-g5e087ee2ca (webtiles) character file.

Game seed: 15076712795603574464

106 qw the Skirmisher (level 4, 0/25 HPs)
             Began as a Deep Elf Hunter on June 23, 2023.
             Slain by an iguana (8 damage)
             ... on level 3 of the Dungeon.
             The game lasted 00:00:45 (1611 turns).

qw the Skirmisher (Deep Elf Hunter)                 Turns: 1611, Time: 00:00:46

Health: 0/25       AC:  6    Str: 10    XL:     4   Next: 55%
Magic:  6/6        EV: 12    Int: 14    God:
Gold:   19         SH:  0    Dex: 18    Spells: 3/3 levels left

rFire   . . .        Y - +0 shortbow
rCold   . . .        (shield currently unavailable)
rNeg    . . .        c - +0 leather armour
rPois   .            a - +2 hat
rElec   .            (no cloak)
rCorr   .            (no gloves)
SInv    .            j - +0 pair of boots
Will    .....        (no amulet)
Stlth   ++           (no ring)
HPRegen 0.24/turn    (no ring)
MPRegen 0.10/turn

%: no passive effects
@: no status effects
A: no striking features
a: no special abilities


You were on level 3 of the Dungeon.
You visited 1 branch of the dungeon, and saw 3 of its levels.

You collected 103 gold pieces.
You spent 84 gold pieces at shops.


   Skills:
 - Level 1.5 Fighting
 + Level 8.0 Ranged Weapons
 - Level 2.4 Dodging
 - Level 1.2 Stealth


You had 3 spell levels left.
You didn't know any spells.
Your spell library was empty.

Inventory:

Hand Weapons
 Y - a +0 shortbow (weapon)
Armour
 a - a +2 hat (worn)
 c - a +0 leather armour (worn)
 e - a +0 ring mail
 j - a +0 pair of boots (worn)
Scrolls
 d - a scroll of identify
Potions
 b - a potion of invisibility {unknown}
 f - a potion of haste {unknown}
 g - a potion of mutation {unknown}
 i - a potion of ambrosia {unknown}
 k - 4 potions of curing
 l - 2 potions of attraction {unknown}

Dungeon Overview and Level Annotations

Branches:
Dungeon (3/15)

Altars:

Shops:
D:2 [   D:3 [


Message History

You shoot an arrow. The arrow barely misses the iguana.
You shoot an arrow.
The arrow hits the iguana but does no damage.
The iguana is lightly wounded.
You shoot an arrow. The arrow closely misses the iguana.
You shoot an arrow. The arrow hits the iguana.
The iguana is moderately wounded.
The iguana barely misses you.
You shoot an arrow.
The arrow hits the iguana but does no damage.
The iguana is moderately wounded.
The iguana closely misses you.
You shoot an arrow. The arrow hits the iguana.
The iguana is heavily wounded.
The iguana bites you.
You shoot an arrow. The arrow barely misses the iguana.
The iguana closely misses you.
You shoot an arrow.
The arrow hits the iguana but does no damage.
The iguana is heavily wounded.
The iguana bites you.
You shoot an arrow. The arrow hits the iguana.
The iguana is severely wounded.
The iguana bites you!
You shoot an arrow. The arrow barely misses the iguana.
The iguana completely misses you.
You shoot an arrow. The arrow hits the iguana.
The iguana is almost dead.
The iguana bites you.
You shoot an arrow. The arrow barely misses the iguana.
The iguana barely misses you.
You shoot an arrow.
The arrow hits the iguana but does no damage.
The iguana is almost dead.
The iguana closely misses you.
You shoot an arrow.
The arrow hits the iguana but does no damage.
The iguana is almost dead.
The iguana bites you!
You die...

###.## ####### #.# # #.#
###### #.# #...## #.#
#...##
#.###########...## #.
#...........'.....
##...##############.....
..$....@.........[.##...
.###..l###########.##...
#... #)##.%. #...
#.##... #... #.##...
#... #.##... #...
#.##### #... #.# #.#####


You could see an iguana.

Vanquished Creatures
  An orc wizard (D:3)
  2 adders
  3 worms
  3 orcs (D:3)
  6 bats
  4 endoplasms
  6 goblins
  8 hobgoblins
  3 jackals (D:2)
  5 ball pythons
  A frilled lizard (D:1)
  4 kobolds
  4 rats
50 creatures vanquished.

Notes
Turn   | Place    | Note
-------+----------+-------------------------------------------
     0 | D:1      | qw the Deep Elf Hunter began the quest for the Orb.
     0 | D:1      | Reached XP level 1. HP: 12/12 MP: 3/3
     0 | D:1      | 0 ||| qw: Version: 0.3-a-9-g12657ce
     0 | D:1      | 0 ||| qw: Game counter: 3468
     0 | D:1      | 0 ||| qw: Always use a shield: true
     0 | D:1      | 0 ||| qw: God list: Okawaru
     0 | D:1      | 0 ||| qw: Allow faded altars: false
     0 | D:1      | 0 ||| qw: Do Orc after D:15 true
     0 | D:1      | 0 ||| qw: Do second Lair branch before Depths: true
     0 | D:1      | 0 ||| qw: Lair rune preference: random
     0 | D:1      | 0 ||| qw: Plans: Normal
     0 | D:1      | 0 ||| PLANNING D:1-11
   163 | D:1      | Reached XP level 2. HP: 14/16 MP: 4/4
   166 | D:1      | Reached skill level 6 in Ranged Weapons
   553 | D:1      | 553 ||| UPGRADING to +0 pair of boots.
   558 | D:1      | 558 ||| READING scroll labelled NEMMYIL HISCHILOSK.
   559 | D:1      | 559 ||| READING scroll labelled LUCIKHL XYTZ.
   560 | D:1      | 560 ||| READING scroll labelled OLIYLI URAS.
   565 | D:1      | 565 ||| READING scroll labelled KEGUS SUIZUIMA.
   566 | D:1      | 566 ||| DRINKING 2 glowing cyan potions.
   671 | D:1      | 671 ||| DROPPING scroll of butterflies.
   672 | D:1      | 672 ||| DROPPING potion of berserk rage.
   745 | D:2      | Found Emom's Antique Armour Boutique.
   751 | D:2      | 751 ||| SHOPLISTING glowing ring mail (154 gold, have 40).
   751 | D:2      | 751 ||| SHOPLISTING ring mail (88 gold, have 40).
   751 | D:2      | 751 ||| SHOPLISTING scale mail (88 gold, have 40).
   751 | D:2      | 751 ||| SHOPLISTING shiny ring mail (154 gold, have 40).
   804 | D:2      | Reached XP level 3. HP: 10/20 MP: 5/5
  1061 | D:2      | Reached skill level 7 in Ranged Weapons
  1272 | D:2      | 1272 ||| UPGRADING to +2 hat.
  1277 | D:2      | 1277 ||| READING scroll labelled POKKOK IN WEUVUD.
  1278 | D:2      | 1278 ||| READING scroll labelled HOSACZ ALIZY.
  1279 | D:2      | 1279 ||| DRINKING 2 blue potions.
  1280 | D:2      | 1280 ||| DRINKING 5 golden potions.
  1302 | D:3      | Found Himeaqi's Antique Armour Emporium.
  1314 | D:3      | HP: 5/20 [poisoned by an adder]
  1315 | D:3      | 1315 ||| READING scroll of teleportation.
  1316 | D:3      | 1316 ||| DRINKING potion of heal wounds.
  1320 | D:3      | Reached XP level 4. HP: 18/25 MP: 6/6
  1385 | D:3      | 1385 ||| DRINKING 4 potions of curing.
  1385 | D:3      | 1385 ||| (to cure confusion)
  1462 | D:3      | 1462 ||| BUYING ring mail (84 gold).
  1462 | D:3      | Bought a ring mail for 84 gold pieces
  1584 | D:3      | Reached skill level 8 in Ranged Weapons
  1611 | D:3      | Slain by an iguana

Levels and vault maps discovered:
D:1:      minmay_arrival_solitary_statue, layout_loops_cross
D:2:      layout_basic, serial_shops, shop
D:3:      layout_basic, serial_shops, nicolae_shop_window_shopping

Skill      XL: |  1  2  3  4 |
---------------+-------------+-----
Ranged Weapons | 6 7 8 |  8.0
Fighting       | |  1.5
Dodging        | |  2.4
Stealth        | |  1.2

Action                     |  1- 3 |  4- 6 || total
---------------------------+-------+-------++-------
   Fire: Shortbow          |   128 |    53 ||   181
    Use: Scroll            |     7 |       ||     7
         Potion            |     4 |     1 ||     5
 Armour: Leather armour    |    28 |     2 ||    30
  Dodge: Dodged            |    40 |    11 ||    51

Table legend:
 A = Non-vault XP
 B = Vault XP
 C = Vault XP percentage of total XP
 D = Non-vault monster count
 E = Vault monster count
 F = Vault count percentage of total count
                 A         B        C        D         E       F
            +---------+---------+-------+---------+---------+-------
      Total |     152 |       0 |   0.0 |      50 |       0 |   0.0
            +---------+---------+-------+---------+---------+-------
        D:1 |      28 |       0 |   0.0 |      18 |       0 |   0.0
        D:2 |      50 |       0 |   0.0 |      19 |       0 |   0.0
        D:3 |      74 |       0 |   0.0 |      13 |       0 |   0.0
            +---------+---------+-------+---------+---------+-------
